 Dungeon Crawl Stone Soup version 0.23.1-37-gaa34b87 (webtiles) character file.

Game seed: 9596189311035256208

722 Fang the Skirmisher (level 7, -2/66 HPs)
             Began as a Gargoyle Berserker on Mar 27, 2019.
             Was a Priest of Trog.
             Slain by an orc warrior
             ... wielding a +0 mace
              (14 damage)
             ... on level 8 of the Dungeon.
             The game lasted 00:04:04 (4014 turns).

Fang the Skirmisher (Gargoyle Berserker)            Turns: 4014, Time: 00:04:05

Health: -2/66      AC: 15    Str: 27    XL:     7   Next: 71%
Magic:  7/7        EV: 10    Int:  8    God:    Trog [***...]
Gold:   170        SH:  0    Dex:  9    Spells: 6/6 levels left

rFire    . . .     SeeInvis .   a - +0 hand axe
rCold    + . .     Gourm    .   (no shield)
rNeg     + . .     Faith    .   q - +0 chain mail
rPois    ∞         Spirit   .   (no helmet)
rElec    +         Reflect  .   t - +0 cloak {MR+}
rCorr    .         Harm     .   (no gloves)
MR       +....                  (no boots)
Stlth    ..........             (no amulet)
HPRegen  0.21/turn              e - ring of protection from cold
MPRegen  0.10/turn              (no ring)

@: berserking (expiring), slowed
A: negative energy resistance 1, electricity resistance, unbreathing,
petrification resistance, rot immunity, AC +4
a: Berserk, Trog's Hand, Renounce Religion


You were on level 8 of the Dungeon.
You worshipped Trog.
Trog was most pleased with you.
You were very hungry.

You visited 2 branches of the dungeon, and saw 7 of its levels.

You collected 170 gold pieces.

Inventory:

Hand Weapons
 a - a +0 hand axe (weapon)
Armour
 q - a +0 chain mail (worn)
 t - a +0 cloak of magic resistance (worn)
Jewellery
 e - a ring of protection from cold (left hand)
Wands
 b - a wand of paralysis (6)
Scrolls
 f - a scroll of enchant weapon {unknown}
 g - 3 scrolls of identify {unknown}
 i - 3 scrolls of teleportation {unknown}
 l - 2 scrolls of noise {unknown}
 m - a scroll of remove curse {unknown}
 n - a scroll of amnesia {unknown}
 r - 2 scrolls of enchant armour {unknown}
 s - a scroll of blinking {unknown}
Potions
 d - a potion of mutation {unknown}
 h - a potion of heal wounds {unknown}
 j - a potion of lignification {unknown}
 k - 2 potions of might
 o - 2 potions of curing {unknown}
 p - a potion of agility {unknown}
 v - a potion of degeneration {unknown}
 w - 2 potions of cancellation {unknown}
Comestibles
 c - 9 rations
 u - 3 chunks of flesh


   Skills:
 + Level 5.5 Fighting
 + Level 4.6 Axes
 + Level 4.9 Armour
 + Level 3.7 Dodging


You had 6 spell levels left.
You didn't know any spells.
Your spell library was empty.

Dungeon Overview and Level Annotations

Branches:
Dungeon (5/15)             Temple (1/1) D:4

Altars:

Annotations:
D:8 Psyche


Innate Abilities, Weirdness & Mutations

You are resistant to torment.
Your stone body is resilient. (AC +4)
You are immune to poison.
You resist negative energy. (rN+)
You are resistant to electric shocks. (rElec)
You can survive without breathing.
You are immune to petrification.
You are immune to rotting.


Message History

You kill the orc wizard!
Trog accepts your kill.
Trog appreciates your killing of a magic user.
You closely miss the orc warrior. You slash Psyche!
Psyche hits you but does no damage.
The orc priest calls down the wrath of Beogh upon you.
Beogh smites you!
* * * LOW HITPOINT WARNING * * *
Psyche gestures at you while chanting. The puff of flame hits you.
* * * LOW HITPOINT WARNING * * *
You hit the orc warrior.
The orc warrior is heavily wounded.
You closely miss the orc. You closely miss Psyche. You closely miss the orc.
You slash the orc!
You kill the orc!
Trog accepts your kill. Psyche hits you but does no damage.
The orc warrior hits you with a +0 mace!
You die...

#. #. #.###.
#..... # #.....
.#
#.....#######.#.#
#.....#.........#
#.....#@##..#
#.....@ooo..#
#....oo)o.###
...............
#..............
#..####........
#. ?......... #
..........
.........


You could see Psyche, an orc warrior, an orc priest and 4 orcs.

Vanquished Creatures
  3 ogres
  Crazy Yiuf (D:3)
  2 orc wizards (D:8)
  A bullfrog skeleton (D:4)
  Ijyb (D:3)
  Natasha (thrice) (D:4)
  3 worker ants (D:4)
  3 gnolls (D:2)
  7 adders
  A worm (D:3)
  3 dart slugs
  4 leopard geckos
  6 orcs
  5 ball pythons
  7 giant cockroaches
  8 goblins
  6 hobgoblins (D:2)
  6 quokkas
  8 bats
  3 frilled lizards
  6 kobolds
  2 rats (D:2)
89 creatures vanquished.

Notes
Turn   | Place    | Note
-------+----------+-------------------------------------------
     0 | D:1      | Fang the Gargoyle Berserker began the quest for the Orb.
     0 | D:1      | Reached XP level 1. HP: 14/14 MP: 1/1
   135 | D:1      | Reached XP level 2. HP: 6/19 MP: 2/2
   857 | D:2      | Reached XP level 3. HP: 21/23 MP: 3/3
   902 | D:2      | Reached ** piety under Trog
  1252 | D:2      | Reached XP level 4. HP: 27/29 MP: 4/4
  1311 | D:2      | Reached skill level 4 in Fighting
  1793 | D:3      | Reached XP level 5. HP: 31/33 MP: 5/5
  1877 | D:3      | Noticed Ijyb
  1877 | D:3      | Paralysed by Ijyb for 2 turns
  1888 | D:3      | Paralysed by Ijyb for 3 turns
  1892 | D:3      | Killed Ijyb
  2609 | D:3      | Found a runed translucent door.
  2610 | D:3      | Noticed Crazy Yiuf
  2851 | D:3      | Killed Crazy Yiuf
  3114 | D:4      | Reached XP level 6. HP: 39/39 MP: 6/6
  3538 | D:4      | Reached skill level 5 in Fighting
  3567 | D:4      | Noticed Natasha
  3578 | D:4      | Killed Natasha
  3578 | D:4      | Reached XP level 7. HP: 44/44 MP: 7/7
  3601 | D:4      | Noticed Natasha
  3614 | D:4      | Killed Natasha
  3665 | D:4      | Found a staircase to the Ecumenical Temple.
  3719 | D:4      | Reached *** piety under Trog
  3743 | D:4      | Noticed Natasha
  3753 | D:4      | Killed Natasha
  3838 | Temple   | Entered the Ecumenical Temple
  3873 | D:5      | Entered Level 5 of the Dungeon
  4003 | D:5      | You fall through a shaft for 3 floors!
  4003 | D:8      | Noticed Psyche
  4014 | D:8      | Slain by an orc warrior

Skill      XL: |  1  2  3  4  5  6 |
---------------+-------------------+-----
Axes           | 3 4 |  4.6
Dodging        | 2 3 |  3.7
Armour         | 3 4 |  4.9
Fighting       | 4 5 |  5.5

Action                   |  1- 3 |  4- 6 |  7- 9 || total
-------------------------+-------+-------+-------++-------
Melee: Hand axe          |   133 |   284 |    39 ||   456
Invok: Berserk           |       |     5 |     1 ||     6
 Stab: Sleeping          |       |     1 |       ||     1
  Eat: Chunk             |     1 |    12 |     2 ||    15
Armor: Animal skin       |    61 |    19 |       ||    80
       Chain mail        |       |   133 |    33 ||   166
Dodge: Dodged            |    96 |   143 |    27 ||   266
